 Dungeon Crawl Stone Soup version 0.24.1-8-ga250c9d538 (webtiles) character file.

Game seed: 15771165165884943436, levelgen mode: deterministic

32 Hugehornet the Insei (level 3, -6/23 HPs)
             Began as an Octopode Transmuter on May 9, 2020.
             Mangled by Sigmund
             ... wielding a +0 scythe
              (8 damage)
             ... on level 2 of the Dungeon.
             The game lasted 00:02:00 (1406 turns).

Hugehornet the Insei (Octopode Transmuter)          Turns: 1406, Time: 00:02:00

Health: -6/23      AC:  2    Str:  9    XL:     3   Next: 27%
Magic:  3/6        EV: 19    Int: 16    God:
Gold:   138        SH:  0    Dex: 17    Spells: 1/7 levels left

rFire    . . .     SeeInvis .     - Unarmed
rCold    . . .     Gourm    .   (shield currently unavailable)
rNeg     . . .     Faith    .   (helmet currently unavailable)
rPois    x         Spirit   .   (no amulet)
rElec    .         Reflect  .   (no ring)
rCorr    .         Harm     .   (no ring)
MR       .....                  (no ring)
Stlth    ++........             (no ring)
HPRegen  0.07/turn              (no ring)
MPRegen  0.10/turn              (no ring)
                                (no ring)
                                (no ring)

@: spider-form (expiring)
A: tiny, almost no armour, stealthy swim, (amphibious), 8 rings, (constrict 8)
a: End Transformation


You were on level 2 of the Dungeon.
You were not hungry.
You were a venomous arachnid creature.
You visited 1 branch of the dungeon, and saw 2 of its levels.

You collected 138 gold pieces.

Inventory:

Missiles
 a - 12 arrows
Scrolls
 d - a scroll of teleportation {unknown}
 e - a scroll of amnesia {unknown}
 h - 2 scrolls of magic mapping {unknown}
 i - a scroll of enchant armour {unknown}
 j - a scroll of immolation {unknown}
 n - 2 scrolls of identify {unknown}
 o - a scroll of fear {unknown}
Potions
 b - 2 potions of heal wounds {unknown}
 f - a potion of agility {unknown}
 g - a potion of mutation {unknown}
 k - 2 potions of invisibility {unknown}
 l - 2 potions of flight {unknown}
 m - 2 potions of curing {unknown}
Comestibles
 c - 3 rations


   Skills:
 - Level 1.0 Fighting
 - Level 2.0 Dodging
 + Level 3.0 Unarmed Combat
 + Level 2.5 Spellcasting
 - Level 3.0 Transmutations
 * Level 0.7 Poison Magic


You had one spell level left.
You knew the following spells:

 Your Spells              Type           Power        Failure   Level  Hunger
a - Beastly Appendage     Tmut           ##....       17%         1    #......
b - Sticks to Snakes      Tmut           ##......     22%         2    ##.....
c - Spider Form           Tmut/Pois      #.........   47%         3    ###....

Your spell library contained the following spells:

 Spells                   Type           Power        Failure   Level  Hunger
 Ice Form                 Ice/Tmut       #.......     87%         4    #####..
 Blade Hands              Tmut           ##........   95%         5    ######.


Dungeon Overview and Level Annotations

Branches:
Dungeon (2/15)

Altars:

Annotations:
D:2 Sigmund


Innate Abilities, Weirdness & Mutations

You cannot wear most types of armour.
You are very stealthy in the water. (Stealth+)
((You are amphibious.))
You can wear up to eight rings at the same time.
((You can use your tentacles to constrict eight enemies at once.))
((Your skin changes colour to match your surroundings (Stealth+).))
((Your rubbery body absorbs attacks. (AC +1, EV +1)))


Message History

You resist with significant effort.
You hit Sigmund.
Sigmund looks even sicker.
Sigmund is moderately wounded.
Sigmund is suddenly surrounded by pale blue light.
Sigmund mumbles some strange words.
Sigmund flickers and vanishes!
Deactivating autopickup; reactivate with Ctrl-A.
You closely miss something. Something hits you.
You hit something but do no damage.
Your transformation is almost over.
You hit something but do no damage. Something hits you!
You miss something. You barely miss something. Something hits you.
You hit something but do no damage.
You hear some strange, mumbled words.
A puff of flame appears from out of thin air!
The puff of flame hits you!
* * * LOW HITPOINT WARNING * * *
You hit something but do no damage. Something hits you!
You die...

##### #######.#.# .......(..###
#########.....# #..........<#.#
## #.#######.#.# # .#####'##
#.#s# #.# .##.....# #.#{# #.#
.##.....# #.#.# #.# #######
.##.....# #.#.. #.# #.....#
.##.....# #.#####. #.# #.....#
.#####'#######....... #.# #.....#
>.................#####.# #.....#
.........####...........###...†.#
..........................'.....'


There were no monsters in sight!

Vanquished Creatures
  A leopard gecko (D:2)
  5 bats
  2 giant cockroaches (D:1)
  3 goblins (D:1)
  5 hobgoblins
  6 kobolds
  4 frilled lizards (D:1)
  5 rats
31 creatures vanquished.

Notes
Turn   | Place    | Note
-------+----------+-------------------------------------------
     0 | D:1      | Hugehornet the Octopode Transmuter began the quest for the
                  | Orb.
     0 | D:1      | Reached XP level 1. HP: 13/13 MP: 3/3
   232 | D:1      | Reached XP level 2. HP: 18/18 MP: 3/5
   522 | D:1      | Learned a level 2 spell: Sticks to Snakes
   849 | D:1      | Reached XP level 3. HP: 23/23 MP: 4/6
   855 | D:1      | Learned a level 3 spell: Spider Form
  1391 | D:2      | Noticed Sigmund
  1406 | D:2      | Mangled by Sigmund

Levels and vault maps discovered:
D:1:      erik_arrival_cave_to_civilisation [erik_arrival_cave_to_hall],
          layout_basic
D:2:      layout_basic, uniq_sigmund

Skill      XL: |  1  2 |
---------------+-------+-----
Transmutations | 3 |  3.0
Fighting       | |  1.0
Dodging        | |  2.0
Unarmed Combat | |  3.0
Spellcasting   | |  2.5
Poison Magic   | |  0.7

Action                   || total
-------------------------++-------
Melee: Unarmed           ||    64
       Constrict         ||    16
       Kick              ||     5
       Tentacles         ||     4
       Punch             ||     1
 Cast: Beastly Appendage ||    27
       Spider Form       ||     1
 Stab: Sleeping          ||    12
  Eat: Chunk             ||     2
Armor: Skin              ||     4
Dodge: Dodged            ||    29
